 Dungeon Crawl Stone Soup version 0.31-a0-175-g9f7f995f2b (webtiles) character file.

Game seed: 11619805348641965805

26 qw the Shooter (level 3, -1/32 HPs)
             Began as a Naga Hunter on June 16, 2023.
             Succumbed to an adder's poison
             ... on level 2 of the Dungeon.
             The game lasted 00:00:07 (183 turns).

qw the Shooter (Naga Hunter)                         Turns: 183, Time: 00:00:07

Health: -1/32      AC:  2    Str: 13    XL:     3   Next: 8%
Magic:  3/3        EV:  9    Int:  9    God:
Gold:   44         SH:  0    Dex: 16    Spells: 2/2 levels left

rFire   . . .        a - +0 shortbow
rCold   . . .        (shield currently unavailable)
rNeg    . . .        c - +0 leather armour
rPois   +            (no helmet)
rElec   .            (no cloak)
rCorr   .            (no gloves)
SInv    +            (no barding)
Will    .....        (no amulet)
Stlth   ++           (no ring)
HPRegen 0.25/turn    (no ring)
MPRegen 0.08/turn

%: no passive effects
@: lethally poisoned (-1 -> -4), short of breath, very slow
A: AC +1, large, see invisible, deformed body, poison resistance, slowness 2,
spit poison 1, naga tail 1
a: Spit Poison


You were on level 2 of the Dungeon.
You visited 1 branch of the dungeon, and saw 2 of its levels.

You collected 44 gold pieces.


Innate Abilities, Weirdness & Mutations

Your serpentine skin is tough. (AC +1)
You have supernaturally acute eyesight. (SInv)
Armour fits poorly on your strangely shaped body.
Your system is resistant to poisons. (rPois)
You cover ground very slowly.
You can spit poison.
You have a snake-like lower body.


   Skills:
 - Level 2.0 Fighting
 + Level 4.5 Ranged Weapons
 - Level 1.5 Dodging
 - Level 1.5 Stealth


You had 2 spell levels left.
You didn't know any spells.
Your spell library was empty.

Inventory:

Hand Weapons
 a - a +0 shortbow (weapon)
Armour
 c - a +0 leather armour (worn)
Scrolls
 b - a scroll of butterflies
 d - 2 scrolls of identify {unknown}
Potions
 e - a potion of cancellation {unknown}

Dungeon Overview and Level Annotations

Branches:
Dungeon (1/15)

Altars:


Message History

An adder comes into view.
You shoot an arrow. The arrow completely misses the adder.
The arrow hits the adder.
The adder is lightly wounded.
You shoot an arrow. The arrow hits the adder.
The adder is severely wounded.
The adder completely misses you.
You shoot an arrow. The arrow closely misses the adder.
The adder bites you but does no damage. The adder barely misses you.
The adder bites you. The adder bites you but does no damage.
You shoot an arrow.
The arrow hits the adder but does no damage.
The adder is severely wounded.
The adder bites you. The adder barely misses you.
The adder bites you but does no damage.
You shoot an arrow. The arrow closely misses the adder.
You have got your breath back.
The adder closely misses you. The adder bites you.
The adder closely misses you.
179 ||| INVOKING Spit Poison.
Aiming: Spit Poison (2% risk of failure)
Press: ? - help, Shift-Dir - straight line, f/p - adder The splash of poison hits the adder.
The adder is poisoned.
The adder is almost dead.
The adder bites you. x2
You shoot an arrow. The arrow misses the adder.
You kill the adder!
The adder bites you.
You are poisoned.
The adder poisons you! The adder bites you.
You have reached level 3!
Your experience leads to an increase in your attributes!
Increase (S)trength, (I)ntelligence, or (D)exterity?
You feel agile. x2; Your skin feels tougher.
You shoot an arrow. The arrow completely misses the adder.
You feel sick. The adder bites you. x2
You shoot an arrow. The arrow hits the adder.
The adder is heavily wounded.
You feel sick. The adder bites you.
You shoot an arrow. The arrow completely misses the adder.
You die...

########## #~¤~~~¤¤~~
####¤~~~.....
..##~~¤......
#.##¤~....# #.##~.S.#
###. #.##~@%.#
#.#.###..'...#.$#
###.#.##...#~...# ).#
...#.##...#¤...# #
######.#......#¤¤....#
..............#~¤~.....
#..........#~¤¤~¤¤.¤
#.#.#...#..#¤¤~¤~¤~~
#.#........#########


You could see an adder.

Vanquished Creatures
  2 adders (D:2)
  A worm (D:2)
  A dart slug (D:1)
  A bat (D:2)
  A frilled lizard (D:2)
6 creatures vanquished.

Notes
Turn   | Place    | Note
-------+----------+-------------------------------------------
     0 | D:1      | qw the Naga Hunter began the quest for the Orb.
     0 | D:1      | Reached XP level 1. HP: 19/19 MP: 1/1
     0 | D:1      | 0 ||| qw: Version: 0.2-a-29-g511e9b1
     0 | D:1      | 0 ||| qw: Game counter: 32
     0 | D:1      | 0 ||| qw: Always use a shield: true
     0 | D:1      | 0 ||| qw: God list: Okawaru
     0 | D:1      | 0 ||| qw: Allow faded altars: false
     0 | D:1      | 0 ||| qw: Do Orc after D:15 true
     0 | D:1      | 0 ||| qw: Do second Lair branch before Depths: true
     0 | D:1      | 0 ||| qw: Lair rune preference: random
     0 | D:1      | 0 ||| qw: Plans: Normal
     0 | D:1      | 0 ||| PLANNING D:1-11
     8 | D:1      | 8 ||| INVOKING Spit Poison.
    15 | D:1      | You fall into a shaft and drop 1 floor!
    50 | D:2      | 50 ||| INVOKING Spit Poison.
    53 | D:2      | 53 ||| INVOKING Spit Poison.
    58 | D:2      | Reached skill level 4 in Ranged Weapons
    58 | D:2      | Reached XP level 2. HP: 15/26 MP: 2/2
   124 | D:2      | 124 ||| INVOKING Spit Poison.
   125 | D:2      | 125 ||| INVOKING Spit Poison.
   126 | D:2      | 126 ||| INVOKING Spit Poison.
   131 | D:2      | 131 ||| INVOKING Spit Poison.
   151 | D:2      | 151 ||| INVOKING Spit Poison.
   173 | D:2      | 173 ||| INVOKING Spit Poison.
   179 | D:2      | 179 ||| INVOKING Spit Poison.
   181 | D:2      | Reached XP level 3. HP: 10/32 MP: 3/3
   181 | D:2      | HP: 8/32 [adder (1)]
   182 | D:2      | HP: 1/32 [adder (3)]
   183 | D:2      | Succumbed to an adder's poison

Levels and vault maps discovered:
D:1:      scummos_arrival_star, layout_loops_ring, minmay_misc_feat_nine_boxes,
          serial_bayou_pond_d
D:2:      layout_basic, kennysheep_generic_room_2

Skill      XL: |  1 |
---------------+----+-----
Ranged Weapons | 4 |  4.5
Fighting       | |  2.0
Dodging        | |  1.5
Stealth        | |  1.5

Action                     || total
---------------------------++-------
   Fire: Shortbow          ||    29
Ability: Spit Poison       ||     8
 Armour: Leather armour    ||     7
  Dodge: Dodged            ||    14

Table legend:
 A = Non-vault XP
 B = Vault XP
 C = Vault XP percentage of total XP
 D = Non-vault monster count
 E = Vault monster count
 F = Vault count percentage of total count
                 A         B        C        D         E       F
            +---------+---------+-------+---------+---------+-------
      Total |      24 |      14 |  36.8 |       5 |       1 |  16.7
            +---------+---------+-------+---------+---------+-------
        D:1 |       4 |       0 |   0.0 |       1 |       0 |   0.0
        D:2 |      20 |      14 |  41.2 |       4 |       1 |  20.0
            +---------+---------+-------+---------+---------+-------
